 Dungeon Crawl Stone Soup version 0.29.0-4-gdea44cf6ec (webtiles) character file.

Game seed: 2673424332259880632

38587 qw the Severer (level 13, 0/118 HPs)
             Began as a Minotaur Fighter on Sept 4, 2022.
             Was a Believer of Ru.
             Slain by a five-headed hydra (1 damage)
             ... on level 3 of the Lair of Beasts.
             The game lasted 00:06:24 (17450 turns).

qw the Severer (Minotaur Fighter)                  Turns: 17450, Time: 00:06:24

Health: 0/118      AC: 19    Str: 24    XL:     13   Next: 64%
Magic:  12/12      EV: 13    Int:  8    God:    Ru [**....]
Gold:   911        SH: 17    Dex: 12    Spells: 12/12 levels left

rFire   + . .      SeeInvis .   g - +0 morningstar
rCold   . . .      Faith    .   q - +0 kite shield
rNeg    . . .      Spirit   .   o - +2 scale mail of Kisokhed {rPois rF+}
rPois   +          Reflect  +   s - +1 hat {Int+3}
rElec   .          Harm     .   m - +0 cloak
rCorr   .          Rampage  .   t - +2 pair of gloves
Will    +....                   p - +1 pair of boots
Stlth   ..........              r - amulet of reflection
HPRegen 0.29/turn               a - +4 ring of evasion
MPRegen 0.13/turn               j - ring of willpower

@: about to teleport, frozen, very slow
A: horns 2, inability to train dodging, unskilled 1, retaliatory headbutt, beak,
screaming 2, wild magic 1, inability to drink after injury 1
a: Renounce Religion


You were on level 3 of the Lair of Beasts.
You worshipped Ru.
Ru was pleased with you.
You visited 3 branches of the dungeon, and saw 15 of its levels.

You collected 911 gold pieces.


Innate Abilities, Weirdness & Mutations

You have a pair of horns on your head.
You cannot train Dodging skill.
You are somewhat unskilled. (-1 Apt)
You reflexively headbutt those who attack you in melee.
You have a beak for a mouth.
You frequently scream uncontrollably at your foes.
Your spells are a little harder to cast, but a little more powerful.
You occasionally lose the ability to drink potions when taking damage.


   Skills:
 - Level 12.0 Fighting
 - Level 17.1 Axes
 + Level 4.0 Throwing
 - Level 10.0 Armour
 - Level 12.4 Shields


You had 12 spell levels left.
You didn't know any spells.
Your spell library was empty.

Inventory:

Hand Weapons
 g - a +0 morningstar (weapon)
 Y - a +6 war axe
Missiles
 h - 6 boomerangs (quivered)
 w - a javelin
Armour
 m - a +0 cloak (worn)
 o - the +2 scale mail of Kisokhed (worn) {rPois rF+}
   (You found it on level 2 of the Lair of Beasts)

   rF:        It protects you from fire.
   rPois:     It protects you from poison.
 p - a +1 pair of boots (worn)
 q - a +0 kite shield (worn)
 s - a +1 hat of intelligence (worn)
 t - a +2 pair of gloves (worn)
 u - a +0 plate armour
 x - +0 ice dragon scales
Jewellery
 a - a +4 ring of evasion (left hand)
 e - a ring of fire
 i - a ring of fire
 j - a ring of willpower (right hand)
 r - an amulet of reflection (around neck)
Scrolls
 n - 3 scrolls of identify
 v - 4 scrolls of teleportation
Potions
 b - a potion of resistance
 c - 2 potions of heal wounds
 d - 3 potions of might
 k - a potion of haste
 l - 8 potions of curing

Dungeon Overview and Level Annotations

Branches:
Dungeon (11/15)            Temple (1/1) D:4            Lair (3/5) D:9
 Shoals (0/4) Lair:2        Snake (0/4) Lair:2          Orc (0/2) D:10

Altars:
Ashenzari
Cheibriados
Dithmenos
Elyvilon
Fedhas
Gozag
Hepliaklqana
Kikubaaqudgha
Makhleb
Nemelex Xobeh
Okawaru
Qazlal
Ru
Sif Muna
Trog
Uskayaw
Vehumet
Wu Jian
Xom
Yredelemnul
Zin
The Shining One

Shops:
D:2 [   D:6 (

Annotations:
D:4 1 runed translucent door, Crazy Yiuf


Message History

The five-headed hydra bites you but does no damage.
You block the five-headed hydra's attack.
The rime drake bites you.
Your Throwing skill increases to level 4!
You thump the five-headed hydra!
The five-headed hydra is moderately wounded.
You feel sick.
The rime drake begins to attack, but is stunned by your conviction!
You block the five-headed hydra's attack. x2
The five-headed hydra bites you but does no damage. x3
17448 ||| Stepping ~*~*~tactically~*~*~ (outnumbered).
The five-headed hydra attacks as you move away!
The five-headed hydra barely misses you.
The five-headed hydra closely misses you.
The five-headed hydra bites you but does no damage.
The five-headed hydra bites you!
You block the five-headed hydra's attack.
The rime drake attacks as you move away!
The rime drake bites you.
You feel sick.
You redirect the rime drake's attack!
17449 ||| Stepping ~*~*~tactically~*~*~ (outnumbered).
You feel sick. The rime drake breathes ice at you. The flash freeze hits you!
You are encased in ice.
You block the five-headed hydra's attack.
The five-headed hydra bites you!
You block the five-headed hydra's attack.
The five-headed hydra bites you!
The five-headed hydra bites you but does no damage.
17450 ||| READING 5 scrolls of teleportation.
As you read the scroll of teleportation, it crumbles to dust.
You feel strangely unstable.
You feel sick.
You are no longer poisoned.
You block the elephant's attack. x2
The five-headed hydra closely misses you.
The five-headed hydra bites you.
You die...

############...#..
##~~~~~~~#.........
#~~~~~~~~~.........
#~~~...~~~~........
##~~.....~~~##...#..
#~~~..#.....##......
#~~~..#......#...P..
#~~..##............P
#~~@.##..#...#...#.#
#~~DY.#.#...###.#.#.
#~~k..##....##P.[##.
##~%.%###..#.#..#...
#~~~.~.##..........
#~~~..#~#.P..#..###
~~~~... ######.## #
~~~~~~..# ##...###
~~~~~~~~.. #..#..#.


You could see a five-headed hydra, an elephant and a rime drake.

Vanquished Creatures
  Gastronok (D:9)
  A boulder beetle (Lair:3)
  5 hydras
  2 two-headed ogres
  A tengu warrior (D:8)
  An ugly thing (D:8)
  A cyclops (D:11)
  A manticore (Lair:3)
  A black mamba (Lair:2)
  12 elephants
  A torpor snail (Lair:3)
  16 centaur zombies (D:11)
  2 rime drakes (Lair:3)
  A cane toad (Lair:1)
  An unseen horror (D:11)
  A kobold demonologist (D:10)
  2 komodo dragons
  A tengu conjurer (D:8)
  4 trolls
  A hornet (Lair:3)
  A slime creature (D:8)
  9 dream sheep
  7 blink frogs (Lair:2)
  5 shadows
  3 wyverns
  Sigmund (D:3)
  3 wraiths (D:11)
  23 yaks
  6 basilisks
  2 steam dragons
  2 nagas (Lair:2)
  2 wargs (D:10)
  Edmund (D:6)
  2 acid dragons
  10 water moccasins
  4 sky beasts
  2 ice beasts
  4 orc warriors
  6 centaurs
  An ogre (D:5)
  12 wolves
  A phantom (D:5)
  4 kobold brigands
  10 bullfrogs
  2 gnoll sergeants
  4 necrophages
  5 wights
  5 scorpions
  7 killer bees
  3 howler monkeys (D:7)
  A jelly (D:5)
  5 orc priests
  2 gnoll boudas
  5 hounds
  15 orc wizards
  An iguana (D:4)
  Terence (D:1)
  14 gnolls
  9 adders
  2 shadow imps
  4 white imps
  5 ufetubi
  2 worms (D:3)
  3 dart slugs
  31 orcs
  9 endoplasms
  2 giant cockroaches
  6 goblins
  7 hobgoblins
  7 jackals
  13 kobolds
  3 quokkas (D:1)
  7 ball pythons
  10 bats
  4 frilled lizards
  7 rats
378 creatures vanquished.

Vanquished Creatures (others)
  A deep troll (Lair:1)
  A centaur zombie (D:11)
  Maggie (D:6)
  A troll (D:11)
  An orc warrior (D:9)
  An orc wizard (D:7)
  A kobold (D:7)
  9 fungi
  20 plants
  3 withered plants (D:11)
39 creatures vanquished.

Grand Total: 417 creatures vanquished

Notes
Turn   | Place    | Note
-------+----------+-------------------------------------------
     0 | D:1      | qw the Minotaur Fighter began the quest for the Orb.
     0 | D:1      | Reached XP level 1. HP: 19/19 MP: 0/0
     0 | D:1      | 0 ||| qw: Version: 0.1-a-103-gd6f5d3a
     0 | D:1      | 0 ||| qw: Game counter: 5735
     0 | D:1      | 0 ||| qw: Always use a shield: true
     0 | D:1      | 0 ||| qw: God list: Ru
     0 | D:1      | 0 ||| qw: Allow faded altars: false
     0 | D:1      | 0 ||| qw: Do Orc after D:15 true
     0 | D:1      | 0 ||| qw: Do second Lair branch before Depths: true
     0 | D:1      | 0 ||| qw: Lair rune preference: random
     0 | D:1      | 0 ||| qw: Plans: Normal
     0 | D:1      | 0 ||| PLANNING D:1-11
   344 | D:1      | Reached skill level 3 in Axes
   348 | D:1      | 348 ||| Stepping ~*~*~tactically~*~*~ (stealth).
   355 | D:1      | 355 ||| Stepping ~*~*~tactically~*~*~ (stealth).
   371 | D:1      | Reached XP level 2. HP: 26/26 MP: 1/1
   725 | D:1      | Reached skill level 4 in Axes
   805 | D:1      | Found a faded altar of an unknown god.
   862 | D:1      | 862 ||| READING scroll labelled OJOROPNAEW.
   863 | D:1      | 863 ||| READING scroll labelled YSINIE ETOOT.
   864 | D:1      | 864 ||| READING scroll labelled NASMUNEKKY.
   865 | D:1      | 865 ||| READING scroll labelled CEOBEP ISMILEU.
   866 | D:1      | 866 ||| DRINKING 2 dark potions.
   876 | D:2      | Noticed Terence
   879 | D:2      | 879 ||| STAIRDANCE
   893 | D:1      | Killed Terence
   894 | D:1      | Reached XP level 3. HP: 9/31 MP: 2/2
  1113 | D:1      | 1113 ||| DROPPING +0 club.
  1114 | D:1      | 1114 ||| UPGRADING to +3 scale mail of poison resistance.
  1124 | D:1      | 1124 ||| DROPPING +0 scale mail.
  1125 | D:1      | 1125 ||| DRINKING 3 purple potions.
  1172 | D:2      | Reached skill level 5 in Axes
  1172 | D:2      | 1172 ||| Stepping ~*~*~tactically~*~*~ (stealth).
  1438 | D:2      | Found Eciorias's Armour Shoppe.
  1442 | D:2      | Reached skill level 1 in Dodging
  1445 | D:2      | Reached XP level 4. HP: 39/39 MP: 3/3
  1456 | D:2      | 1456 ||| SHOPLISTING +0 chain mail (49 gold, have 42).
  1456 | D:2      | 1456 ||| SHOPLISTING +2 cloak of willpower (236 gold, have
                  | 42).
  1456 | D:2      | 1456 ||| SHOPLISTING +3 Mad Mage's Maulers {Infuse+∞
                  | RegenMP Int-3} (440 gold, have 42).
  1738 | D:2      | 1738 ||| UPGRADING to +0 cloak.
  1743 | D:2      | 1743 ||| READING scroll labelled LETOTU VACSETE.
  1744 | D:2      | 1744 ||| READING 2 scrolls of identify.
  1744 | D:2      | 1744 ||| IDENTIFYING white potion
  1745 | D:2      | 1745 ||| DROPPING potion of lignification.
  2186 | D:3      | Reached skill level 6 in Axes
  2279 | D:3      | Noticed Sigmund
  2285 | D:3      | Killed Sigmund
  2286 | D:3      | Reached skill level 7 in Axes
  2286 | D:3      | Reached XP level 5. HP: 33/45 MP: 4/4
  2286 | D:3      | Reached XP level 6. HP: 38/51 MP: 5/5
  2428 | D:3      | 2428 ||| Stepping ~*~*~tactically~*~*~ (hiding).
  2429 | D:3      | 2429 ||| Stepping ~*~*~tactically~*~*~ (hiding).
  2674 | D:3      | 2674 ||| DROPPING ring of magical power.
  2675 | D:3      | 2675 ||| READING scroll labelled MAR LYN UNNAHEP.
  2794 | D:4      | Found a staircase to the Ecumenical Temple.
  2795 | D:4      | 2795 ||| PLANNING TEMPLE
  2808 | Temple   | Entered the Ecumenical Temple
  2968 | Temple   | Became a worshipper of Ru the Awakened
  2973 | Temple   | 2973 ||| PLANNING D:1-11
  3049 | D:4      | Reached skill level 8 in Axes
  3080 | D:4      | 3080 ||| FLEEEEING.
  3081 | D:4      | 3081 ||| FLEEEEING.
  3119 | D:4      | Identified the +1 ring mail "Zaceekhig" {rN+}
  3402 | D:4      | 3402 ||| READING 2 scrolls of enchant weapon.
  3402 | D:4      | 3402 ||| ENCHANTING +1 war axe.
  3403 | D:4      | 3403 ||| READING scroll of enchant weapon.
  3403 | D:4      | 3403 ||| ENCHANTING +2 war axe.
  3678 | D:4      | Found a runed translucent door.
  3679 | D:4      | Noticed Crazy Yiuf
  3682 | D:4      | 3682 ||| DROPPING +1 ring mail "Zaceekhig" {rN+}.
  3683 | D:4      | 3683 ||| UPGRADING to +0 pair of boots.
  3688 | D:4      | 3688 ||| UPGRADING to amulet of regeneration.
  3693 | D:4      | 3693 ||| READING 3 scrolls labelled GOWNOTWAVA.
  3694 | D:4      | 3694 ||| READING 2 scrolls of identify.
  3694 | D:4      | 3694 ||| IDENTIFYING sapphire potion
  3695 | D:4      | 3695 ||| DROPPING potion of brilliance.
  3696 | D:4      | 3696 ||| DROPPING 2 scrolls of poison.
  3727 | D:5      | Entered Level 5 of the Dungeon
  3887 | D:5      | Reached XP level 7. HP: 60/60 MP: 6/6
  3941 | D:5      | Reached skill level 9 in Axes
  3942 | D:5      | 3942 ||| Stepping ~*~*~tactically~*~*~ (hiding).
  4069 | D:5      | 4069 ||| Stepping ~*~*~tactically~*~*~ (stealth).
  4071 | D:5      | 4071 ||| Stepping ~*~*~tactically~*~*~ (hiding).
  4227 | D:5      | 4227 ||| FLEEEEING.
  4228 | D:5      | 4228 ||| FLEEEEING.
  4232 | D:5      | Reached skill level 10 in Axes
  4258 | D:5      | 4258 ||| Stepping ~*~*~tactically~*~*~ (stealth).
  4300 | D:5      | 4300 ||| INVOKING Sacrifice Nimbleness.
  4300 | D:5      | Gained mutation: You cannot train Dodging skill. [Ru
                  | sacrifice]
  4300 | D:5      | Reached * piety under Ru
  4333 | D:5      | Reached skill level 6 in Fighting
  4333 | D:5      | Reached XP level 8. HP: 68/71 MP: 7/7
  4340 | D:5      | 4340 ||| READING scroll of enchant weapon.
  4340 | D:5      | 4340 ||| ENCHANTING +3 war axe.
  4685 | D:5      | 4685 ||| UPGRADING to amulet of reflection.
  4695 | D:5      | 4695 ||| DROPPING amulet of regeneration.
  4696 | D:5      | 4696 ||| READING scroll labelled XUDIUSIO OMUTAWK.
  4749 | D:6      | 4749 ||| Stepping ~*~*~tactically~*~*~ (stealth).
  4936 | D:6      | Found Wothren's Weapon Shoppe.
  4993 | D:6      | 4993 ||| FLEEEEING.
  4994 | D:6      | 4994 ||| FLEEEEING.
  4995 | D:6      | 4995 ||| FLEEEEING.
  4996 | D:6      | 4996 ||| FLEEEEING.
  4998 | D:6      | 4998 ||| FLEEEEING.
  4999 | D:6      | 4999 ||| FLEEEEING.
  5000 | D:6      | 5000 ||| FLEEEEING.
  5001 | D:6      | 5001 ||| FLEEEEING.
  5002 | D:6      | 5002 ||| FLEEEEING.
  5003 | D:6      | 5003 ||| FLEEEEING.
  5004 | D:6      | 5004 ||| FLEEEEING.
  5005 | D:6      | 5005 ||| FLEEEEING.
  5006 | D:6      | 5006 ||| FLEEEEING.
  5013 | D:6      | 5013 ||| FLEEEEING.
  5014 | D:6      | 5014 ||| FLEEEEING.
  5015 | D:6      | 5015 ||| FLEEEEING.
  5018 | D:6      | 5018 ||| Stepping ~*~*~tactically~*~*~ (hiding).
  5090 | D:6      | Noticed Edmund
  5110 | D:6      | Killed Edmund
  5111 | D:6      | Reached skill level 11 in Axes
  5196 | D:6      | 5196 ||| DROPPING +0 flail.
  5252 | D:6      | 5252 ||| Stepping ~*~*~tactically~*~*~ (stealth).
  5253 | D:6      | 5253 ||| Stepping ~*~*~tactically~*~*~ (stealth).
  5262 | D:6      | 5262 ||| Stepping ~*~*~tactically~*~*~ (stealth).
  5263 | D:6      | 5263 ||| Stepping ~*~*~tactically~*~*~ (stealth).
  5380 | D:6      | Noticed Maggie
  5390 | D:6      | HP: 16/71 [Maggie/+1 long sword of distortion (6)]
  5391 | D:6      | 5391 ||| DRINKING 3 potions of heal wounds.
  5393 | D:6      | Killed Maggie
  5394 | D:6      | Reached skill level 12 in Axes
  5668 | D:6      | 5668 ||| DRINKING 2 clear potions.
  5770 | D:7      | Reached skill level 1 in Throwing
  5770 | D:7      | Reached XP level 9. HP: 69/78 MP: 8/8
  5844 | D:7      | 5844 ||| Stepping ~*~*~tactically~*~*~ (stealth).
  5845 | D:7      | 5845 ||| Stepping ~*~*~tactically~*~*~ (stealth).
  5887 | D:7      | 5887 ||| Stepping ~*~*~tactically~*~*~ (stealth).
  5890 | D:7      | 5890 ||| Stepping ~*~*~tactically~*~*~ (stealth).
  5926 | D:7      | Reached skill level 13 in Axes
  6005 | D:7      | Reached skill level 3 in Throwing
  6007 | D:7      | 6007 ||| Stepping ~*~*~tactically~*~*~ (stealth).
  6015 | D:7      | 6015 ||| Stepping ~*~*~tactically~*~*~ (stealth).
  6066 | D:7      | 6066 ||| Stepping ~*~*~tactically~*~*~ (stealth).
  6067 | D:7      | 6067 ||| Stepping ~*~*~tactically~*~*~ (stealth).
  6074 | D:7      | 6074 ||| Stepping ~*~*~tactically~*~*~ (hiding).
  6081 | D:7      | 6081 ||| Stepping ~*~*~tactically~*~*~ (hiding).
  6157 | D:7      | 6157 ||| Stepping ~*~*~tactically~*~*~ (stealth).
  6226 | D:7      | 6226 ||| Stepping ~*~*~tactically~*~*~ (stealth).
  6228 | D:7      | 6228 ||| Stepping ~*~*~tactically~*~*~ (hiding).
  6256 | D:7      | 6256 ||| FLEEEEING.
  6257 | D:7      | 6257 ||| FLEEEEING.
  6258 | D:7      | 6258 ||| FLEEEEING.
  6259 | D:7      | 6259 ||| FLEEEEING.
  6260 | D:7      | 6260 ||| FLEEEEING.
  6261 | D:7      | 6261 ||| FLEEEEING.
  6262 | D:7      | 6262 ||| FLEEEEING.
  6263 | D:7      | 6263 ||| FLEEEEING.
  6264 | D:7      | 6264 ||| FLEEEEING.
  6265 | D:7      | 6265 ||| FLEEEEING.
  6266 | D:7      | 6266 ||| FLEEEEING.
  6267 | D:7      | 6267 ||| FLEEEEING.
  6268 | D:7      | 6268 ||| FLEEEEING.
  6269 | D:7      | 6269 ||| FLEEEEING.
  6270 | D:7      | 6270 ||| FLEEEEING.
  6273 | D:7      | 6273 ||| FLEEEEING.
  6278 | D:7      | 6278 ||| STAIRDANCE
  6481 | D:6      | 6481 ||| READING scroll labelled NEMOTR TUOXZI.
  6484 | D:6      | 6484 ||| READING scroll labelled YFEAGA TAFEL.
  6747 | D:7      | 6747 ||| READING scroll of enchant weapon.
  6747 | D:7      | 6747 ||| ENCHANTING +4 war axe.
  6957 | D:7      | 6957 ||| DROPPING +0 chain mail.
  6958 | D:7      | 6958 ||| UPGRADING to +0 plate armour.
  6968 | D:7      | 6968 ||| DROPPING +3 scale mail of poison resistance.
  6969 | D:7      | 6969 ||| READING scroll labelled BIS VALOUNUNT.
  6987 | D:8      | Found a basalt altar of Yredelemnul.
  6996 | D:8      | 6996 ||| READING scroll of enchant armour.
  6996 | D:8      | 6996 ||| ENCHANTING +0 pair of boots.
  6997 | D:8      | 6997 ||| Stepping ~*~*~tactically~*~*~ (stealth).
  7010 | D:8      | 7010 ||| Stepping ~*~*~tactically~*~*~ (stealth).
  7033 | D:8      | 7033 ||| DROPPING +1 flail of protection.
  7058 | D:8      | 7058 ||| FLEEEEING.
  7059 | D:8      | 7059 ||| FLEEEEING.
  7060 | D:8      | 7060 ||| FLEEEEING.
  7061 | D:8      | 7061 ||| FLEEEEING.
  7062 | D:8      | 7062 ||| FLEEEEING.
  7063 | D:8      | 7063 ||| FLEEEEING.
  7064 | D:8      | 7064 ||| FLEEEEING.
  7065 | D:8      | 7065 ||| FLEEEEING.
  7066 | D:8      | 7066 ||| FLEEEEING.
  7067 | D:8      | 7067 ||| FLEEEEING.
  7068 | D:8      | 7068 ||| FLEEEEING.
  7069 | D:8      | 7069 ||| FLEEEEING.
  7070 | D:8      | 7070 ||| FLEEEEING.
  7071 | D:8      | 7071 ||| FLEEEEING.
  7072 | D:8      | 7072 ||| FLEEEEING.
  7074 | D:8      | 7074 ||| STAIRDANCE
  7178 | D:8      | 7178 ||| STAIRDANCE
  7185 | D:8      | 7185 ||| STAIRDANCE
  7260 | D:8      | Reached XP level 10. HP: 70/88 MP: 9/9
  7274 | D:8      | Reached skill level 6 in Armour
  7312 | D:8      | 7312 ||| FLEEEEING.
  7313 | D:8      | 7313 ||| FLEEEEING.
  7315 | D:8      | 7315 ||| STAIRDANCE
  7421 | D:8      | 7421 ||| Stepping ~*~*~tactically~*~*~ (stealth).
  7443 | D:8      | 7443 ||| Stepping ~*~*~tactically~*~*~ (stealth).
  7444 | D:8      | 7444 ||| Stepping ~*~*~tactically~*~*~ (stealth).
  7463 | D:8      | 7463 ||| Stepping ~*~*~tactically~*~*~ (stealth).
  7485 | D:8      | Noticed a lindwurm
  7493 | D:8      | Noticed a lindwurm
  7548 | D:8      | Noticed a lindwurm
  7551 | D:8      | 7551 ||| FLEEEEING.
  7552 | D:8      | 7552 ||| FLEEEEING.
  7552 | D:8      | HP: 18/88 [lindwurm/blast of flame (32)]
  7553 | D:8      | 7553 ||| FLEEEEING.
  7554 | D:8      | 7554 ||| FLEEEEING.
  7555 | D:8      | 7555 ||| FLEEEEING.
  7556 | D:8      | 7556 ||| FLEEEEING.
  7557 | D:8      | 7557 ||| FLEEEEING.
  7558 | D:8      | 7558 ||| FLEEEEING.
  7558 | D:8      | Noticed a lindwurm
  7559 | D:8      | 7559 ||| FLEEEEING.
  7560 | D:8      | 7560 ||| FLEEEEING.
  7564 | D:8      | 7564 ||| FLEEEEING.
  7565 | D:8      | 7565 ||| FLEEEEING.
  7567 | D:8      | 7567 ||| FLEEEEING.
  7568 | D:8      | 7568 ||| FLEEEEING.
  7725 | D:8      | Noticed a cyan ugly thing
  7726 | D:8      | 7726 ||| FLEEEEING.
  7733 | D:8      | 7733 ||| Stepping ~*~*~tactically~*~*~ (stealth).
  7735 | D:8      | 7735 ||| Stepping ~*~*~tactically~*~*~ (stealth).
  7745 | D:8      | 7745 ||| Stepping ~*~*~tactically~*~*~ (stealth).
  7845 | D:8      | 7845 ||| Stepping ~*~*~tactically~*~*~ (stealth).
  7969 | D:8      | 7969 ||| Stepping ~*~*~tactically~*~*~ (hiding).
  7977 | D:8      | Reached skill level 14 in Axes
  7979 | D:8      | 7979 ||| Stepping ~*~*~tactically~*~*~ (stealth).
  7981 | D:8      | 7981 ||| Stepping ~*~*~tactically~*~*~ (stealth).
  8078 | D:8      | Noticed a tengu warrior
  8079 | D:8      | 8079 ||| Stepping ~*~*~tactically~*~*~ (stealth).
  8098 | D:8      | HP: 17/88 [tengu warrior/+0 great mace (17)]
  8099 | D:8      | 8099 ||| READING scroll of teleportation.
  8100 | D:8      | 8100 ||| DRINKING 2 potions of heal wounds.
  8113 | D:8      | 8113 ||| FLEEEEING.
  8114 | D:8      | 8114 ||| FLEEEEING.
  8115 | D:8      | 8115 ||| FLEEEEING.
  8116 | D:8      | 8116 ||| FLEEEEING.
  8117 | D:8      | 8117 ||| FLEEEEING.
  8118 | D:8      | 8118 ||| FLEEEEING.
  8119 | D:8      | 8119 ||| FLEEEEING.
  8120 | D:8      | 8120 ||| FLEEEEING.
  8121 | D:8      | 8121 ||| FLEEEEING.
  8122 | D:8      | 8122 ||| FLEEEEING.
  8123 | D:8      | 8123 ||| FLEEEEING.
  8124 | D:8      | 8124 ||| FLEEEEING.
  8126 | D:8      | 8126 ||| FLEEEEING.
  8127 | D:8      | 8127 ||| FLEEEEING.
  8128 | D:8      | 8128 ||| FLEEEEING.
  8131 | D:8      | 8131 ||| FLEEEEING.
  8132 | D:8      | 8132 ||| FLEEEEING.
  8133 | D:8      | 8133 ||| FLEEEEING.
  8134 | D:8      | 8134 ||| STAIRDANCE
  8273 | D:7      | 8273 ||| READING 2 scrolls of identify.
  8273 | D:7      | 8273 ||| IDENTIFYING silvery potion
  8274 | D:7      | 8274 ||| DROPPING potion of magic.
  8286 | D:8      | HP: 22/88 [tengu warrior/+0 great mace (17)]
  8287 | D:8      | 8287 ||| DRINKING potion of heal wounds.
  8294 | D:8      | HP: 17/88 [tengu warrior/+0 great mace (11)]
  8296 | D:8      | Killed a tengu warrior
  8297 | D:8      | Reached skill level 15 in Axes
  8297 | D:8      | 8297 ||| STAIRDANCE
  8617 | D:8      | Killed a cyan ugly thing
  8618 | D:8      | Reached skill level 9 in Fighting
  8965 | D:8      | 8965 ||| INVOKING Sacrifice Skill.
  8965 | D:8      | Gained mutation: You are somewhat unskilled. (-1 Apt) [Ru
                  | sacrifice]
  8965 | D:8      | Reduced skill Axes to level 14
  8965 | D:8      | Reduced skill Armour to level 6
  8965 | D:8      | Reached ** piety under Ru
  8972 | D:8      | Reached skill level 3 in Throwing
  8991 | D:8      | 8991 ||| Stepping ~*~*~tactically~*~*~ (hiding).
  9002 | D:8      | 9002 ||| FLEEEEING.
  9003 | D:8      | 9003 ||| FLEEEEING.
  9005 | D:8      | 9005 ||| FLEEEEING.
  9006 | D:8      | 9006 ||| FLEEEEING.
  9008 | D:8      | 9008 ||| FLEEEEING.
  9009 | D:8      | 9009 ||| FLEEEEING.
  9099 | D:8      | 9099 ||| Stepping ~*~*~tactically~*~*~ (hiding).
  9268 | D:8      | 9268 ||| FLEEEEING.
  9269 | D:8      | 9269 ||| FLEEEEING.
  9271 | D:8      | 9271 ||| FLEEEEING.
  9272 | D:8      | 9272 ||| FLEEEEING.
  9273 | D:8      | 9273 ||| FLEEEEING.
  9274 | D:8      | 9274 ||| FLEEEEING.
  9275 | D:8      | 9275 ||| FLEEEEING.
  9544 | D:8      | 9544 ||| UPGRADING to +0 kite shield.
  9554 | D:8      | 9554 ||| DROPPING +0 buckler.
  9555 | D:8      | 9555 ||| DROPPING +1 pair of boots.
  9559 | D:8      | 9559 ||| UPGRADING to +4 ring of evasion.
  9571 | D:8      | 9571 ||| DROPPING +6 ring of intelligence.
  9815 | D:9      | Found a staircase to the Lair.
  9821 | D:9      | Reached skill level 6 in Shields
  9821 | D:9      | 9821 ||| Stepping ~*~*~tactically~*~*~ (water).
  9829 | D:9      | Reached XP level 11. HP: 41/94 MP: 10/10
 10165 | D:9      | Noticed a two-headed ogre
 10170 | D:9      | Killed a two-headed ogre
 10284 | D:9      | Noticed Gastronok
 10285 | D:9      | 10285 ||| Stepping ~*~*~tactically~*~*~ (hiding).
 10292 | D:9      | 10292 ||| Stepping ~*~*~tactically~*~*~ (hiding).
 10315 | D:9      | Killed Gastronok
 10413 | D:9      | Reached skill level 9 in Shields
 10608 | D:9      | 10608 ||| Stepping ~*~*~tactically~*~*~ (water).
 10663 | D:9      | 10663 ||| Stepping ~*~*~tactically~*~*~ (stealth).
 10664 | D:9      | 10664 ||| Stepping ~*~*~tactically~*~*~ (stealth).
 10666 | D:9      | 10666 ||| Stepping ~*~*~tactically~*~*~ (hiding).
 10673 | D:9      | 10673 ||| Stepping ~*~*~tactically~*~*~ (hiding).
 10680 | D:9      | 10680 ||| DRINKING 3 potions of curing.
 10680 | D:9      | 10680 ||| (to cure confusion)
 10772 | D:9      | 10772 ||| DRINKING 2 potions of curing.
 10772 | D:9      | 10772 ||| (to cure confusion)
 11064 | D:9      | Found the +5 robe of Night {Dark Will+ SInv}
 11151 | D:9      | 11151 ||| UPGRADING to +1 hat of intelligence.
 11156 | D:9      | 11156 ||| UPGRADING to +2 pair of gloves.
 11161 | D:9      | 11161 ||| DRINKING 2 yellow potions.
 11161 | D:9      | Gained mutation: You have a beak for a mouth. [potion of
                  | mutation]
 11161 | D:9      | Gained mutation: You occasionally shout uncontrollably at
                  | your foes. [potion of mutation]
 11161 | D:9      | Gained mutation: You have hidden genetic defects. [potion
                  | of mutation]
 11161 | D:9      | Gained mutation: You possess an exceptional clarity of
                  | mind. [potion of mutation]
 11162 | D:9      | 11162 ||| READING 2 scrolls of identify.
 11162 | D:9      | 11162 ||| IDENTIFYING bubbling cyan potion
 11163 | D:9      | 11163 ||| DROPPING potion of degeneration.
 11168 | D:10     | Entered Level 10 of the Dungeon
 11239 | D:10     | Noticed a two-headed ogre
 11245 | D:10     | Killed a two-headed ogre
 11300 | D:10     | Found a staircase to the Orcish Mines.
 11462 | D:10     | 11462 ||| Stepping ~*~*~tactically~*~*~ (hiding).
 11650 | D:10     | 11650 ||| INVOKING Reject Sacrifices.
 11686 | D:10     | 11686 ||| Stepping ~*~*~tactically~*~*~ (stealth).
 11688 | D:10     | 11688 ||| Stepping ~*~*~tactically~*~*~ (stealth).
 11690 | D:10     | 11690 ||| Stepping ~*~*~tactically~*~*~ (stealth).
 11695 | D:10     | 11695 ||| Stepping ~*~*~tactically~*~*~ (stealth).
 11708 | D:10     | Reached skill level 15 in Axes
 11716 | D:10     | Gained mutation: You occasionally lose the ability to drink
                  | potions when taking damage. [hidden defects]
 11734 | D:10     | 11734 ||| DRINKING potion of mutation.
 11734 | D:10     | Lost mutation: You have a beak for a mouth. [potion of
                  | mutation]
 11734 | D:10     | Lost mutation: You possess an exceptional clarity of mind.
                  | [potion of mutation]
 11734 | D:10     | Gained mutation: Your spells are a little harder to cast,
                  | but a little more powerful. [potion of mutation]
 11734 | D:10     | Gained mutation: You have a beak for a mouth. [potion of
                  | mutation]
 12213 | D:10     | 12213 ||| READING scroll labelled IKAIVE LUKKA.
 12214 | D:10     | 12214 ||| READING 3 scrolls of identify.
 12214 | D:10     | 12214 ||| IDENTIFYING lumpy puce potion
 12215 | D:10     | 12215 ||| READING 2 scrolls of identify.
 12215 | D:10     | 12215 ||| IDENTIFYING amethyst potion
 12216 | D:10     | 12216 ||| DROPPING potion of attraction.
 12279 | D:11     | Reached skill level 9 in Fighting
 12289 | D:11     | Reached XP level 12. HP: 77/104 MP: 11/11
 12411 | D:11     | 12411 ||| READING scroll of enchant weapon.
 12411 | D:11     | 12411 ||| ENCHANTING +5 war axe.
 12480 | D:11     | Gained mutation: You frequently scream uncontrollably at
                  | your foes. [hidden defects]
 12480 | D:11     | Lost mutation: You have hidden genetic defects. [hidden
                  | defects expressed]
 12509 | D:11     | 12509 ||| Stepping ~*~*~tactically~*~*~ (hiding).
 12515 | D:11     | 12515 ||| Stepping ~*~*~tactically~*~*~ (hiding).
 12530 | D:11     | Reached skill level 9 in Armour
 12564 | D:11     | 12564 ||| FLEEEEING.
 12565 | D:11     | 12565 ||| FLEEEEING.
 12566 | D:11     | 12566 ||| FLEEEEING.
 12567 | D:11     | 12567 ||| FLEEEEING.
 12568 | D:11     | 12568 ||| FLEEEEING.
 12569 | D:11     | 12569 ||| FLEEEEING.
 12791 | D:11     | Reached skill level 16 in Axes
 12805 | D:11     | 12805 ||| Stepping ~*~*~tactically~*~*~ (stealth).
 13503 | D:11     | 13503 ||| PLANNING LAIR
 13503 | D:11     | 13503 ||| READING scroll labelled DOUFEGH ZAYREI.
 13612 | Lair:1   | Entered Level 1 of the Lair of Beasts
 13806 | Lair:1   | Noticed an eight-headed hydra
 13809 | Lair:1   | 13809 ||| SWAPPING to +0 morningstar.
 13817 | Lair:1   | Killed an eight-headed hydra
 13818 | Lair:1   | Reached skill level 17 in Axes
 13818 | Lair:1   | 13818 ||| SWAPPING to +6 war axe.
 13993 | Lair:1   | 13993 ||| DRINKING potion of cancellation.
 14072 | Lair:1   | Noticed a five-headed hydra
 14075 | Lair:1   | 14075 ||| SWAPPING to +0 morningstar.
 14082 | Lair:1   | Killed a five-headed hydra
 14083 | Lair:1   | 14083 ||| SWAPPING to +6 war axe.
 14787 | Lair:1   | 14787 ||| DROPPING amulet of faith.
 14788 | Lair:1   | 14788 ||| UPGRADING to ring of willpower.
 14843 | Lair:2   | 14843 ||| Stepping ~*~*~tactically~*~*~ (stealth).
 14846 | Lair:2   | 14846 ||| Stepping ~*~*~tactically~*~*~ (hiding).
 14865 | Lair:2   | 14865 ||| Stepping ~*~*~tactically~*~*~ (stealth).
 14867 | Lair:2   | 14867 ||| Stepping ~*~*~tactically~*~*~ (stealth).
 14869 | Lair:2   | 14869 ||| Stepping ~*~*~tactically~*~*~ (stealth).
 14895 | Lair:2   | Reached XP level 13. HP: 110/113 MP: 12/12
 14900 | Lair:2   | 14900 ||| Stepping ~*~*~tactically~*~*~ (stealth).
 15149 | Lair:2   | Found a staircase to the Snake Pit.
 15292 | Lair:2   | Identified the +2 scale mail of Kisokhed {rPois rF+}
 15297 | Lair:2   | 15297 ||| Stepping ~*~*~tactically~*~*~ (stealth).
 15321 | Lair:2   | Found a staircase to the Shoals.
 15389 | Lair:2   | 15389 ||| SWAPPING to +0 morningstar.
 15396 | Lair:2   | 15396 ||| SWAPPING to +6 war axe.
 15526 | Lair:2   | 15526 ||| FLEEEEING.
 15527 | Lair:2   | 15527 ||| FLEEEEING.
 15528 | Lair:2   | 15528 ||| FLEEEEING.
 15529 | Lair:2   | 15529 ||| FLEEEEING.
 15530 | Lair:2   | 15530 ||| FLEEEEING.
 15726 | Lair:2   | 15726 ||| Stepping ~*~*~tactically~*~*~ (stealth).
 15729 | Lair:2   | 15729 ||| Stepping ~*~*~tactically~*~*~ (stealth).
 16036 | Lair:2   | 16036 ||| UPGRADING to +2 scale mail of Kisokhed {rPois
                  | rF+}.
 16046 | Lair:2   | 16046 ||| READING 3 scrolls of identify.
 16046 | Lair:2   | 16046 ||| IDENTIFYING viscous dark potion
 16047 | Lair:2   | 16047 ||| DROPPING potion of invisibility.
 16116 | Lair:3   | 16116 ||| Stepping ~*~*~tactically~*~*~ (stealth).
 16128 | Lair:3   | Reached skill level 12 in Shields
 16244 | Lair:3   | 16244 ||| Stepping ~*~*~tactically~*~*~ (hiding).
 16245 | Lair:3   | 16245 ||| Stepping ~*~*~tactically~*~*~ (hiding).
 16276 | Lair:3   | 16276 ||| SWAPPING to +0 morningstar.
 16282 | Lair:3   | 16282 ||| SWAPPING to +6 war axe.
 16547 | Lair:3   | Identified the +1 robe "Ipsel" {Int+2 Slay+2}
 16564 | Lair:3   | 16564 ||| SWAPPING to +0 morningstar.
 16569 | Lair:3   | 16569 ||| SWAPPING to +6 war axe.
 16615 | Lair:3   | 16615 ||| Stepping ~*~*~tactically~*~*~ (stealth).
 16618 | Lair:3   | 16618 ||| Stepping ~*~*~tactically~*~*~ (stealth).
 16619 | Lair:3   | 16619 ||| Stepping ~*~*~tactically~*~*~ (stealth).
 16777 | Lair:3   | Reached skill level 12 in Fighting
 16950 | Lair:3   | 16950 ||| Stepping ~*~*~tactically~*~*~ (stealth).
 16953 | Lair:3   | 16953 ||| Stepping ~*~*~tactically~*~*~ (stealth).
 16955 | Lair:3   | 16955 ||| Stepping ~*~*~tactically~*~*~ (stealth).
 16959 | Lair:3   | 16959 ||| Stepping ~*~*~tactically~*~*~ (hiding).
 16969 | Lair:3   | 16969 ||| FLEEEEING.
 16973 | Lair:3   | 16973 ||| FLEEEEING.
 16983 | Lair:3   | 16983 ||| STAIRDANCE
 17032 | Lair:2   | 17032 ||| READING scroll labelled SODGHE HUUN.
 17240 | Lair:3   | 17240 ||| Stepping ~*~*~tactically~*~*~ (stealth).
 17242 | Lair:3   | 17242 ||| Stepping ~*~*~tactically~*~*~ (hiding).
 17243 | Lair:3   | 17243 ||| Stepping ~*~*~tactically~*~*~ (hiding).
 17258 | Lair:3   | 17258 ||| Stepping ~*~*~tactically~*~*~ (stealth).
 17260 | Lair:3   | 17260 ||| Stepping ~*~*~tactically~*~*~ (hiding).
 17346 | Lair:3   | 17346 ||| Stepping ~*~*~tactically~*~*~ (stealth).
 17438 | Lair:3   | 17438 ||| SWAPPING to +0 morningstar.
 17448 | Lair:3   | 17448 ||| Stepping ~*~*~tactically~*~*~ (outnumbered).
 17449 | Lair:3   | 17449 ||| Stepping ~*~*~tactically~*~*~ (outnumbered).
 17449 | Lair:3   | HP: 16/118 [rime drake/flash freeze (15)]
 17449 | Lair:3   | HP: 2/118 [five-headed hydra (7)]
 17450 | Lair:3   | 17450 ||| READING 5 scrolls of teleportation.
 17450 | Lair:3   | Slain by a five-headed hydra

Levels and vault maps discovered:
D:1:      minmay_arrival_shattered_statue, layout_basic, basic_ecumenical_altar
D:2:      layout_rooms, serial_shops, shop, chequers_serial_rivers_micro_d,
          kennysheep_another_room, grunt_ministairs_12, fountainhead,
          uniq_terence
D:3:      layout_basic, uniq_sigmund
D:4:      layout_loops_ring, temple_fountains, nrook_mini_vaults,
          minmay_manual_mail, uniq_crazy_yiuf_cottage
D:5:      layout_basic
D:6:      minmay_diamond_boxcup, layout_basic, serial_shops,
          nicolae_shop_bloodbath_and_beyond, hangedman_decor_opposing,
          uniq_edmund, uniq_maggie
D:7:      layout_loops_cross, minmay_tree_intersection
D:8:      nzn_winding_woodlands_medium [nzn_winding_woodlands_5x5_cross,
          nzn_winding_woodlands_5x15_eye, nzn_winding_woodlands_hourglass,
          nzn_winding_woodlands_5x5_three,
          nzn_winding_woodlands_center_triple_pond,
          nzn_winding_woodlands_5x5_default,
          nzn_winding_woodlands_5x5_perimeter,
          nzn_winding_woodlands_5x15_default,
          nzn_winding_woodlands_5x5_open_star], layout_basic,
          mainiacjoe_overflow_brackets, chequers_garden, minmay_lindwurm_lava
D:9:      layout_loops_ring, erik_lair_island, roderic_serpentine_path,
          hellmonk_guarded_unrand_night, uniq_gastronok
D:10:     layout_grid_maze, erik_orc_4, bh_walls_and_bars
D:11:     layout_small_grid, serial_undead, serial_undead_e, serial_undead_d,
          serial_undead_e, serial_undead_f, serial_undead_c, serial_undead_c
Temple:   mainiacjoe_temple_hex_bubbles
Lair:1:   dreamdust_cave_troll, layout_concentric_octagons
Lair:2:   layout_chaotic_city, minmay_shoals_entry_centaurs,
          guppyfry_snake_entry_island
Lair:3:   layout_loops_ring, nicolae_lair_lakeside_cave, uniq_kirke

Skill      XL: |  1  2  3  4  5  6  7  8  9 10 11 12 13 |
---------------+----------------------------------------+-----
Axes           | 3 4 5 7 8 10 12 13 14 15 17 | 17.1
Dodging        | 1 0 |  0.0
Fighting       | 4 6 8 8 9 10 12 | 12.0
Shields        | 4 5 6 10 11 12 | 12.4
Throwing       | 1 3 3 4 |  4.0
Armour         | 5 7 8 9 10 | 10.0

Action                   |  1- 3 |  4- 6 |  7- 9 | 10-12 | 13-15 || total
-------------------------+-------+-------+-------+-------+-------++-------
Melee: War axe           |    83 |    82 |   262 |   486 |   168 ||  1081
       Headbutt          |    10 |    11 |    46 |   100 |    60 ||   227
       Peck              |       |       |       |    76 |    50 ||   126
       Morningstar       |       |       |       |    13 |    21 ||    34
Throw: Javelin           |       |       |    17 |    50 |    15 ||    82
       Boomerang         |       |       |       |    32 |    29 ||    61
Invok: Sacrifice Nimblen |       |       |     1 |       |       ||     1
       Sacrifice Skill   |       |       |       |     1 |       ||     1
       Reject Sacrifices |       |       |       |     1 |       ||     1
  Use: Scroll            |     4 |     7 |     7 |     8 |     3 ||    29
       Potion            |     2 |       |     2 |     7 |       ||    11
 Stab: Distracted        |       |       |       |     1 |     3 ||     4
Armor: Scale mail        |    31 |    34 |    77 |       |    32 ||   174
       Plate armour      |       |       |    19 |   273 |    32 ||   324
Dodge: Dodged            |    28 |    28 |    65 |   150 |    60 ||   331
Block: Buckler           |    20 |    12 |    89 |    46 |       ||   167
       Reflection        |       |       |     5 |    14 |     2 ||    21
       Kite shield       |       |       |       |   339 |   131 ||   470

Table legend:
 A = Non-vault XP
 B = Vault XP
 C = Vault XP percentage of total XP
 D = Non-vault monster count
 E = Vault monster count
 F = Vault count percentage of total count
                 A         B        C        D         E       F
            +---------+---------+-------+---------+---------+-------
      Total |   34058 |   21067 |  38.2 |     282 |     103 |  26.8
            +---------+---------+-------+---------+---------+-------
        D:1 |      35 |      32 |  47.8 |      19 |       1 |   5.0
        D:2 |      64 |       2 |   3.0 |      25 |       2 |   7.4
        D:3 |      66 |     223 |  77.2 |      18 |       1 |   5.3
        D:4 |      62 |     172 |  73.5 |       8 |       3 |  27.3
        D:5 |     981 |       0 |   0.0 |      23 |       0 |   0.0
        D:6 |     271 |     850 |  75.8 |       6 |      10 |  62.5
        D:7 |    2523 |      14 |   0.6 |      32 |       1 |   3.0
        D:8 |    1520 |    2883 |  65.5 |      28 |      16 |  36.4
        D:9 |    3077 |    3430 |  52.7 |      26 |      12 |  31.6
       D:10 |    3116 |     553 |  15.1 |      21 |      17 |  44.7
       D:11 |    1824 |    8851 |  82.9 |      10 |      22 |  68.8
     Lair:1 |    4856 |     629 |  11.5 |      14 |       1 |   6.7
     Lair:2 |    9758 |     671 |   6.4 |      36 |       5 |  12.2
     Lair:3 |    5905 |    2757 |  31.8 |      16 |      12 |  42.9
            +---------+---------+-------+---------+---------+-------
